 Dungeon Crawl Stone Soup version 0.23.0-3-gf3c87f2df8 (webtiles) character file.

Game seed: 1237272314355737500

45 Chiseanne the Magician (level 3, -3/24 HPs)
             Began as a Demonspawn Wizard on Feb 21, 2019.
             Killed by divine providence
             ... invoked by an orc priest
              (14 damage)
             ... on level 2 of the Dungeon.
             The game lasted 00:02:46 (1905 turns).

Chiseanne the Magician (Demonspawn Wizard)          Turns: 1905, Time: 00:02:47

Health: -3/24      AC:  3    Str:  7    XL:     3   Next: 42%
Magic:  7/8        EV: 12    Int: 20    God:
Gold:   83         SH:  0    Dex: 11    Spells: 0/9 levels left

rFire    . . .     SeeInvis .   f - +0 mace
rCold    . . .     Gourm    .   (no shield)
rNeg     . . .     Faith    .   a - +0 robe
rPois    .         Spirit   .   b - +0 hat
rElec    .         Reflect  .   (no cloak)
rCorr    .         Harm     .   (no gloves)
MR       .....                  l - +0 pair of boots
Stlth    ++........             (no amulet)
HPRegen  0.08/turn              (no ring)
MPRegen  0.11/turn              (no ring)

@: very slightly contaminated
A: rot immunity
a: no special abilities


You were on level 2 of the Dungeon.
You were not hungry.

You visited 1 branch of the dungeon, and saw 3 of its levels.

You collected 83 gold pieces.

Inventory:

Hand Weapons
 f - a +0 mace (weapon)
Missiles
 g - 11 stones (quivered)
 i - 20 arrows
 j - 12 sling bullets
 m - 15 poisoned needles
Armour
 a - a +0 robe (worn)
 b - a +0 hat (worn)
 l - a +0 pair of boots (worn)
Scrolls
 c - a scroll of identify
 e - a scroll of blinking
 h - 2 scrolls of teleportation
 k - 2 scrolls of remove curse
Comestibles
 d - a ration


   Skills:
 - Level 1.7 Dodging
 - Level 1.7 Stealth
 * Level 3.7 Spellcasting
 * Level 2.4 Conjurations
   Level 1.0 Summonings
 - Level 0.8 Translocations


You couldn't memorise any spells.
You knew the following spells:

 Your Spells              Type           Power        Failure   Level  Hunger
a - Magic Dart            Conj           ##..         4%          1    None
b - Blink                 Tloc           N/A          14%         2    ##.....
c - Conjure Flame         Conj/Fire      #.......     24%         3    ###....
d - Mephitic Cloud        Conj/Pois/Air  #.......     28%         3    ###....

Your spell library contained the following spells:

 Spells                   Type           Power        Failure   Level  Hunger
 Call Imp                 Summ           #.......     13%         2    ##.....
 Slow                     Hex            #.......     21%         2    ##.....


Dungeon Overview and Level Annotations

Branches:
Dungeon (3/15)

Altars:


Innate Abilities, Weirdness & Mutations

You are immune to rotting.


Message History

A bat comes into view.
The orc priest invokes the aid of Beogh against you.
Beogh smites you!
Found a scroll of identify.
There is a stone staircase leading up here.
The orc priest hits you with a +0 falchion.
You climb upwards.
There is a stone staircase leading down here.
Casting: Magic Dart (safe; 4% risk of failure)
Confirm with . or Enter, or press ? or * to list all spells.
Aiming: Magic Dart (safe; 4% risk of failure)
Press: ? - help, Shift-Dir - straight line, f - orc priest
Aim: an orc priest, wielding a +0 falchion and wearing a +0 ring mail of magic resistance You miscast Magic Dart.
You are very lightly contaminated with residual magic.
Nothing appears to happen.
The orc priest invokes the aid of Beogh against you.
Beogh smites you!
Ouch! That really hurt!
You die...

#.# #.##.# #.# ### ..#
#.##.####.# #.#
..####.##...##.########.#
.........))...........#รท#
..####.##...............#
..####.##.#####..####...#
.................########
..#.#..##..####......#
................@..#.#
..#...#.#..####.o..#.#
............###.##.#.#
......#.#<.........#.#
............###......#
....###.###.# ####.#.#
#.......###.# #.#.#
#..###......# #.#.# ##.#
#..###.######.#.#


You could see an orc priest.

Vanquished Creatures
  An adder (D:2)
  A leopard gecko (D:1)
  An orc (D:3)
  3 giant cockroaches
  5 goblins
  3 hobgoblins
  2 jackals (D:2)
  6 kobolds
  5 bats
  A frilled lizard (D:3)
  A rat (D:1)
29 creatures vanquished.

Notes
Turn   | Place    | Note
-------+----------+-------------------------------------------
     0 | D:1      | Chiseanne the Demonspawn Wizard began the quest for the
                  | Orb.
     0 | D:1      | Reached XP level 1. HP: 13/13 MP: 4/4
   255 | D:1      | Gained mutation: You are immune to rotting. [demonic
                  | ancestry]
   255 | D:1      | Reached XP level 2. HP: 19/19 MP: 4/6
   832 | D:1      | Learned a level 2 spell: Blink
  1423 | D:2      | Reached XP level 3. HP: 20/24 MP: 0/8
  1680 | D:2      | Learned a level 3 spell: Conjure Flame
  1684 | D:2      | Learned a level 3 spell: Mephitic Cloud
  1905 | D:2      | Killed from afar by an orc priest

Skill      XL: |  1  2 |
---------------+-------+-----
Conjurations   | 2 |  2.4
Dodging        | |  1.7
Stealth        | |  1.7
Spellcasting   | |  3.7
Summonings     | |  1.0
Translocations | |  0.8

Action                   || total
-------------------------++-------
Melee: Mace              ||     6
 Cast: Magic Dart        ||    78
  Use: Scroll            ||     3
  Eat: Chunk             ||     3
Armor: Robe              ||     9
Dodge: Dodged            ||    12
